 Dungeon Crawl Stone Soup version 0.21-a0-50-g941c862 (webtiles) character file.

1492 Laraso the Frost Mage (level 8, -14/57 HPs)
             Began as a Ghoul Ice Elementalist on June 11, 2017.
             Demolished by Pikel
             ... wielding a +2 whip of electrocution
              (17 damage)
             ... on level 5 of the Dungeon.
             The game lasted 00:23:39 (9762 turns).

Laraso the Frost Mage (Ghoul Ice Elementalist)      Turns: 9762, Time: 00:23:40

Health: -14/57     AC:  6    Str: 12    XL:     8   Next: 80%
Magic:  1/11       EV: 12    Int: 12    God:
Gold:   244        SH:  0    Dex: 12    Spells: 3/13 levels left

rFire    . . .     SeeInvis .   (no weapon)
rCold    + + .     Gourm    .   (no shield)
rNeg     + + +     Faith    .   y - +1 robe {rC+}
rPois    ∞         Spirit   .   n - +1 helmet
rElec    .         Reflect  .   (no cloak)
rCorr    .         Harm     .   (no gloves)
MR       .....                  g - +0 pair of boots
Stlth    ++........             (no amulet)
Regen    0.0/turn               r - +3 ring of dexterity
MPRegen  0.2/turn               (no ring)

@: rotting
A: rotting body, claws 1, carnivore 3, cold resistance 1, negative energy
resistance 3, inhibited regeneration, torment resistance, unbreathing
a: no special abilities


You were on level 5 of the Dungeon.
You were not hungry.

You visited 1 branch of the dungeon, and saw 6 of its levels.
You also visited: Sewer.

You collected 244 gold pieces.

Inventory:

Armour
 g - a +0 pair of boots (worn)
 n - a +1 helmet (worn)
 y - a +1 robe of cold resistance (worn)
Jewellery
 r - a +3 ring of dexterity (left claw)
Wands
 m - a wand of polymorph (12/24)
 t - a wand of polymorph (6/24)
 w - a wand of flame (13/48)
Scrolls
 d - 3 scrolls of fog
 h - a scroll of teleportation
 p - 2 scrolls of remove curse
 u - a scroll of enchant armour
 v - a scroll of magic mapping
Potions
 e - 2 potions of heal wounds
 f - 4 potions of flight
 i - a potion of magic
 o - 3 potions of curing
 q - 7 potions of might
Books
 b - a book of Frost

   Spells                             Type                      Level
   a - Freeze                         Ice                          1
   b - Throw Frost                    Conjuration/Ice              2
   c - Ozocubu's Armour               Charms/Ice                   3
   d - Throw Icicle                   Conjuration/Ice              4
   e - Summon Ice Beast               Ice/Summoning                4
 l - a book of Ice

   Spells                             Type                      Level
   a - Ice Form                       Ice/Transmutation            4
   b - Metabolic Englaciation         Hexes/Ice                    5
   c - Ozocubu's Refrigeration        Ice                          6
   d - Bolt of Cold                   Conjuration/Ice              6
   e - Freezing Cloud                 Conjuration/Ice/Air          6
   f - Simulacrum                     Ice/Necromancy               6
Comestibles
 c - 5 meat rations
 j - a royal jelly


   Skills:
 - Level 1.7 Dodging
 - Level 2.1 Stealth
 - Level 3.0 Spellcasting
 - Level 3.1 Conjurations
 - Level 3.1 Summonings
 * Level 10.0 Ice Magic


You had 3 spell levels left.
You knew the following spells:

 Your Spells              Type           Power        Failure   Level  Hunger
a - Freeze                Ice            ####         1%          1    #......
b - Throw Frost           Conj/Ice       ###...       2%          2    ###....
c - Summon Ice Beast      Ice/Summ       ###.....     16%         4    #####..
e - Ozocubu's Armour      Chrm/Ice       ##......     10%         3    ###....


Dungeon Overview and Level Annotations

Branches:
Dungeon (6/15)
 Temple: D:4-7

Altars:
Ashenzari
Fedhas
Qazlal
Trog

Shops:
D:5 =!

Annotations:
D:5 Pikel, Sigmund


Innate Abilities, Weirdness & Mutations

Your body is rotting away.
You thrive on raw meat.
You are immune to poison.
You have sharp fingernails.
You are carnivorous and can eat meat at any time.
Your flesh is cold resistant. (rC+)
You are immune to negative energy. (rN+++)
You do not regenerate when monsters are visible.
You are immune to unholy pain and torment.
You can survive without breathing.


Message History

Pikel hits your ice beast with a whip of electrocution.
Your ice beast hits Pikel but does no damage.
Pikel closely misses your ice beast.
Your ice beast closely misses Pikel.
Pikel misses your ice beast.
Your ice beast hits Pikel.
Your ice beast freezes Pikel.
Pikel hits your ice beast with a whip of electrocution.
Your ice beast completely misses Pikel.
Pikel closely misses your ice beast.
Your ice beast hits Pikel.
Your ice beast freezes Pikel!
Pikel barely misses your ice beast.
Your ice beast misses Pikel.
Pikel hits your ice beast with a whip of electrocution.
Your ice beast misses Pikel.
Pikel barely misses your ice beast.
Your ice beast misses Pikel.
Pikel hits your ice beast but does no damage.
Lightning courses through your ice beast!
Your ice beast dies!
A chill wind blows around you.
* * * LOW MAGIC WARNING * * *
You now have 2/11 mp.
You swap places.
Pikel barely misses your ice beast.
Your ice beast barely misses Pikel.
Pikel hits your ice beast but does no damage.
Your ice beast closely misses Pikel.
Pikel closely misses your ice beast.
Your ice beast hits Pikel.
Your ice beast freezes Pikel!
Pikel hits your ice beast with a whip of electrocution.
Your ice beast closely misses Pikel.
Pikel says, "You'll feel the lick of my whip!"
Pikel barely misses your ice beast.
Your ice beast closely misses Pikel.
Pikel hits your ice beast with a whip of electrocution.
Lightning courses through your ice beast!
Your ice beast dies!
Your icy armour starts to melt.
Pikel hits you but does no damage.
Your icy armour evaporates.
A chill wind blows around you.
* * * LOW MAGIC WARNING * * *
Pikel barely misses you.
You now have 1/11 mp.
Unknown command.
Your ice beast hits Pikel but does no damage.
You closely miss Pikel.
Pikel hits you with a whip of electrocution.
You are electrocuted!
* * * LOW HITPOINT WARNING * * *
Your ice beast closely misses Pikel.
You take 23 damage, and have 18/57 hp.
MASSIVE DAMAGE!!
Aim: Pikel, wielding a whip of electrocution and wearing a robe (severely wounded)
You freeze Pikel.
* * * LOW MAGIC WARNING * * *
Pikel hits you with a whip of electrocution!
* * * LOW HITPOINT WARNING * * *
Your ice beast closely misses Pikel.
You take 9 damage, and have 9/57 hp.
You now have 0/11 mp.
Unknown command.
Pikel hits you with a whip of electrocution.
* * * LOW HITPOINT WARNING * * *
You are electrocuted!
You die...

##≈≈.#####.≈≈###.##
##≈≈.##≈.≈##.≈≈##..#
#≈≈.##≈...≈##.≈≈##.#
≈≈.##≈.....≈##.≈≈#.#
........<......).'.#
≈≈.##≈.....≈##.≈≈#.#
#≈≈.##≈...≈##.≈≈##.#
##≈≈.##≈.≈##.≈≈##KY#
##≈≈.#####.≈≈##@.##
##≈≈.###.≈≈##..##
##≈≈.#.≈≈##..##
##≈≈.≈≈##..##
##≈%≈##..##
######'##..##
#.........##
#.######### #.#


You could see Pikel and a friendly ice beast.

Vanquished Creatures
  Prince Ribbit (D:5)
  Edmund (D:5)
  2 slaves (D:5)
  2 bullfrogs (Sewer)
  A howler monkey (D:5)
  2 crimson imps (D:5)
  A bullfrog zombie (D:5)
  4 hounds
  An orc wizard (D:3)
  5 worker ants
  A hound zombie (D:5)
  A worker ant zombie (D:5)
  Robin (D:2)
  12 adders
  4 river rats (Sewer)
  A shadow imp (D:5)
  An adder skeleton (D:4)
  4 worms
  4 dart slugs
  4 leopard geckos
  16 orcs
  13 ball pythons
  10 bats
  4 giant cockroaches
  18 goblins
  9 hobgoblins
  7 jackals
  3 quokkas
  10 frilled lizards
  16 kobolds
  A quokka zombie (D:5)
  33 rats
193 creatures vanquished.

Vanquished Creatures (collateral kills)
  A slave (D:5)
  A black bear (D:5)
  2 ice beasts (D:5)
  An ogre (D:5)
  Blork the orc (D:5)
  A howler monkey zombie (D:5)
  4 adders
  2 ball pythons (Sewer)
  A quokka skeleton (D:5)
14 creatures vanquished.

Grand Total: 207 creatures vanquished

Notes
Turn   | Place    | Note
-------+----------+-------------------------------------------
     0 | D:1      | Laraso the Ghoul Ice Elementalist began the quest for the Orb.
     0 | D:1      | Reached XP level 1. HP: 14/14 MP: 2/2
   135 | D:1      | HP: 3/14 [leopard gecko (3)]
   142 | D:1      | HP: 2/14 [leopard gecko (1)]
   143 | D:1      | Reached XP level 2. HP: 3/20 MP: 0/3
   259 | D:1      | Reached skill level 4 in Ice Magic
   371 | D:1      | Learned a level 2 spell: Throw Frost
   918 | D:1      | Reached skill level 2 in Spellcasting
  1047 | D:1      | Reached XP level 3. HP: 26/26 MP: 2/5
  1627 | D:1      | HP: 7/26 [worm (9)]
  2186 | D:2      | Reached XP level 4. HP: 33/33 MP: 4/7
  2220 | D:2      | Learned a level 3 spell: Ozocubu's Armour
  2294 | D:2      | Reached skill level 3 in Spellcasting
  3265 | D:3      | HP: 13/33 [goblin (1)]
  3669 | D:3      | Reached skill level 5 in Ice Magic
  3755 | D:3      | Reached XP level 5. HP: 31/38 MP: 6/8
  4309 | D:3      | Noticed Robin
  4334 | D:2      | Killed Robin
  4463 | D:2      | Learned a level 4 spell: Summon Ice Beast
  5086 | D:4      | Reached skill level 6 in Ice Magic
  5132 | D:4      | Found a bloodstained altar of Trog.
  5190 | D:4      | Found a stormy altar of Qazlal.
  5237 | D:3      | Reached skill level 1 in Summonings
  5237 | D:3      | Reached XP level 6. HP: 27/45 MP: 3/9
  5532 | D:4      | Reached skill level 2 in Summonings
  5543 | D:4      | Found a glowing drain.
  5548 | Sewer    | Entered a sewer
  5755 | Sewer    | HP: 18/45 [rat (1)]
  5763 | Sewer    | HP: 18/45 [ball python (1)]
  5767 | Sewer    | HP: 8/45 [ball python (1)]
  5772 | Sewer    | HP: 7/45 [ball python (1)]
  6163 | Sewer    | Reached skill level 3 in Summonings
  6334 | Sewer    | Reached skill level 1 in Conjurations
  6364 | Sewer    | Reached XP level 7. HP: 22/50 MP: 0/10
  6366 | Sewer    | HP: 20/50 [frilled lizard (2)]
  6438 | Sewer    | Reached skill level 2 in Conjurations
  6609 | D:5      | Entered Level 5 of the Dungeon
  6763 | D:5      | Found Iruiklai's Jewellery Boutique.
  6803 | D:5      | Noticed Edmund
  6804 | D:5      | HP: 7/50 [ogre/giant club (26)]
  6849 | D:4      | HP: 19/50 [hound (2)]
  6854 | D:4      | HP: 11/50 [hound (3)]
  6859 | D:4      | Reached skill level 3 in Conjurations
  6998 | D:5      | Found a shattered altar of Ashenzari.
  7131 | D:5      | Found a blossoming altar of Fedhas.
  7161 | D:5      | Noticed Sigmund
  7646 | D:5      | HP: 13/48 [ogre/giant club (16)]
  7647 | D:5      | Reached skill level 7 in Ice Magic
  7739 | D:5      | HP: 19/50 [crimson imp (2)]
  7744 | D:5      | HP: 12/50 [crimson imp (4)]
  7752 | D:5      | HP: 8/50 [crimson imp (4)]
  8082 | D:5      | Found Goskeigu's Distillery.
  8121 | D:5      | Reached XP level 8. HP: 46/55 MP: 6/11
  8241 | D:5      | HP: 22/55 [ice beast (6)]
  8246 | D:5      | HP: 19/55 [Edmund/wand of flame (?/48) (4)]
  8417 | D:5      | HP: 22/55 [ice beast (7)]
  8435 | D:5      | Reached skill level 8 in Ice Magic
  8810 | D:5      | Killed Edmund
  9053 | D:6      | Noticed Prince Ribbit
  9057 | D:6      | Noticed Blork the orc
  9174 | D:5      | Killed Prince Ribbit
  9174 | D:5      | Reached skill level 9 in Ice Magic
  9293 | D:5      | Killed Blork the orc
  9323 | D:6      | Noticed Pikel
  9643 | D:5      | Reached skill level 10 in Ice Magic
  9760 | D:5      | HP: 18/57 [Pikel/whip of electrocution (18)]
  9762 | D:5      | HP: 3/57 [Pikel/whip of electrocution (6)]
  9762 | D:5      | Demolished by Pikel

Vault maps used:
D:1:      grunt_arrival_lava_bath, st_stairs_14
D:3:      kb_forest_paths, first_bread, minmay_misc_feat_square, uniq_robin
D:4:      bloody_trog, grunt_qazlal_sundering, portal_sewer_entry_e
D:5:      fedhas_altar_fruit_tree, serial_shops, shop, kennysheep_mini_moat,
          minmay_misc_feat_secret_circle, kennysheep_diamond,
          minmay_misc_feat_enclosed, minmay_misc_feat_nine_boxes,
          evilmike_ruin_ashenzari, uniq_crazy_yiuf_cottage, uniq_sigmund,
          uniq_edmund
D:6:      okawaru_ov_weapons_minmay, minmay_temple_entry_statues_pillars,
          minmay_misc_feat_chi, uniq_prince_ribbit1, uniq_blork_the_orc,
          uniq_pikel
Sewer:    sewer_minmay_w

Skill      XL: |  1  2  3  4  5  6  7  8 |
---------------+-------------------------+-----
Ice Magic      | 4 5 6 7 10 | 10.0
Spellcasting   | 2 3 |  3.0
Summonings     | 1 3 |  3.1
Conjurations   | 1 3 |  3.1
Dodging        | |  1.7
Stealth        | |  2.1

Action                   |  1- 3 |  4- 6 |  7- 9 || total
-------------------------+-------+-------+-------++-------
Melee: Unarmed           |    54 |   262 |   186 ||   502
 Cast: Freeze            |    49 |   141 |   102 ||   292
       Throw Frost       |     9 |    25 |     5 ||    39
       Ozocubu's Armour  |       |     3 |    12 ||    15
       Summon Ice Beast  |       |     1 |    15 ||    16
  Use: Scroll            |     5 |    10 |     6 ||    21
       Potion            |     3 |     3 |       ||     6
 Stab: Sleeping          |       |     1 |     1 ||     2
       Distracted        |       |       |     1 ||     1
  Eat: Chunk             |    17 |    57 |    28 ||   102
Armor: Robe              |    17 |    42 |    18 ||    77
       Leather armour    |       |   158 |   116 ||   274
Dodge: Dodged            |    60 |   330 |   172 ||   562

Table legend:
 A = Kills in this place as a percentage of kills in entire the game.
 B = Kills by you in this place as a percentage of kills by you in the entire game.
 C = Kills by friends in this place as a percentage of kills by friends in the entire game.
 D = Other kills in this place as a percentage of other kills in the entire game.
 E = Experience gained in this place as a percentage of experience gained in the entire game.
 F = Experience gained in this place divided by the number of levels of this place that you have seen.
                   A       B       C       D       E      F
               +-------+-------+-------+-------+-------+----------------------
         Total | 100.0 | 100.0 | 100.0 |  -nan | 100.0 | 304.6
       Dungeon |  76.5 |  77.0 |  69.2 |  -nan |  84.1 | 298.8
         Sewer |  23.5 |  23.0 |  30.8 |  -nan |  15.9 | 339.0
               +-------+-------+-------+-------+-------+----------------------

Table legend:
 A = Turns spent in this place as a percentage of turns spent in the entire game.
 B = Non-inter-level travel turns spent in this place as a percentage of non-inter-level travel turns spent in the entire game.
 C = Inter-level travel turns spent in this place as a percentage of turns spent in this place.
 D = Turns resting spent in this place as a percentage of non-inter-level travel turns spent in this place.
 E = Turns spent auto-exploring this place as a percentage of non-inter-level travel turns spent in this place.
 F = Non-inter-level travel turns spent in this place divided by the number of levels of this place that you've seen.
                   A       B       C       D       E      F
               +-------+-------+-------+-------+-------+----------------------
         Total | 100.0 | 100.0 |   0.6 |   8.5 |   3.6 | 519.0
       Dungeon |  83.6 |  83.5 |   0.7 |   9.3 |   4.4 | 505.7
         Sewer |  16.4 |  16.5 |   0.0 |   4.7 |   0.0 | 599.0
               +-------+-------+-------+-------+-------+----------------------

Vault maps used:
D:1:      grunt_arrival_lava_bath, st_stairs_14
D:3:      kb_forest_paths, first_bread, minmay_misc_feat_square, uniq_robin
D:4:      bloody_trog, grunt_qazlal_sundering, portal_sewer_entry_e
D:5:      fedhas_altar_fruit_tree, serial_shops, shop, kennysheep_mini_moat,
          minmay_misc_feat_secret_circle, kennysheep_diamond,
          minmay_misc_feat_enclosed, minmay_misc_feat_nine_boxes,
          evilmike_ruin_ashenzari, uniq_crazy_yiuf_cottage, uniq_sigmund,
          uniq_edmund
D:6:      okawaru_ov_weapons_minmay, minmay_temple_entry_statues_pillars,
          minmay_misc_feat_chi, uniq_prince_ribbit1, uniq_blork_the_orc,
          uniq_pikel
Sewer:    sewer_minmay_w
